 Dungeon Crawl Stone Soup version 0.26-a0-1131-g5f66e2dd50 (webtiles) character file.

Game seed: 3098927467945072184

44 Bapho the Slasher (level 3, -4/31 (33) HPs)
             Began as a Draconian Monk on Dec 19, 2020.
             Slain by Crazy Yiuf
             ... wielding a +2 quarterstaff of chaos
              (9 damage)
             ... on level 2 of the Dungeon.
             The game lasted 00:02:20 (1137 turns).

Bapho the Slasher (Draconian Monk)                  Turns: 1137, Time: 00:02:21

HP:   -4/31 (33)    AC:  5    Str: 13    XL:     3   Next: 39%
MP:   0/3           EV: 13    Int: 10    God:
Gold: 160           SH:  0    Dex: 14    Spells: 2/2 levels left

rFire    . . .     SeeInvis .   a - +1 falchion
rCold    . . .     Faith    .   (no shield)
rNeg     . . .     Spirit   .   (armour unavailable)
rPois    .         Reflect  .   (helmet restricted)
rElec    .         Harm     .   (no cloak)
rCorr    .         Rampage  .   (no gloves)
Will     .....                  (no boots)
Stlth    ++........             i - amulet of the acrobat (curse)
HPRegen  0.10/turn              (no ring)
MPRegen  0.08/turn              (no ring)

@: drained
A: unfitting armour, cold-blooded, AC +5
a: no special abilities


You were on level 2 of the Dungeon.
You visited 1 branch of the dungeon, and saw 2 of its levels.

You collected 160 gold pieces.

Inventory:

Hand Weapons
 a - a +1 falchion (weapon)
Missiles
 f - 32 stones (quivered)
Jewellery
 i - a cursed amulet of the acrobat (around neck)
Scrolls
 c - a scroll of teleportation
Potions
 b - a potion of degeneration {unknown}
 d - 2 potions of flight {unknown}
 j - a potion of lignification {unknown}
 k - a potion of curing {unknown}


   Skills:
 + Level 3.8 Fighting
 * Level 3.8 Long Blades
 + Level 3.0 Dodging
 - Level 1.7 Stealth


You had 2 spell levels left.
You didn't know any spells.
Your spell library was empty.

Dungeon Overview and Level Annotations

Branches:
Dungeon (2/15)

Altars:
Okawaru

Annotations:
D:2 Crazy Yiuf


Innate Abilities, Weirdness & Mutations

Your plain brown scales are hard. (AC +5)
You cannot fit into any form of body armour.
You are cold-blooded and may be slowed by cold attacks.


Message History

You feel your power leaking away.
You barely miss Crazy Yiuf.
Crazy Yiuf is severely wounded.
Crazy Yiuf barely misses you.
You riposte.
You closely miss Crazy Yiuf.
Crazy Yiuf is severely wounded.
You barely miss Crazy Yiuf.
Crazy Yiuf is severely wounded.
Crazy Yiuf hits you with a +2 quarterstaff of chaos.
Crazy Yiuf freezes you.
You hit Crazy Yiuf.
Crazy Yiuf is severely wounded.
Crazy Yiuf hits you but does no damage.
You feel drained.
You hit Crazy Yiuf.
Your tail-slap misses Crazy Yiuf.
Crazy Yiuf is almost dead.
Crazy Yiuf hits you with a +2 quarterstaff of chaos!
* * * LOW HITPOINT WARNING * * *
You hit Crazy Yiuf but do no damage.
Crazy Yiuf is almost dead.
Crazy Yiuf hits you with a +2 quarterstaff of chaos!
You die...

##..# #....#
# #...#
♣.PP.♣
########...#
♣♣P..♣
...........#
♣♣.♣♣
..........##
♣♣.♣
.........##
♣.♣♣
.........#
♣♣.♣
.......(.##
♣.♣♣
###.......#
#@#
.####.#.#.##
#.g.#
.####.._...#
#...#
......#.#..#
#)..#
.###......##
#####
.......)...#
....#.#....#
###..........
.#####.......


You could see Crazy Yiuf.

Vanquished Creatures
  An ooze (D:1)
  A worm (D:2)
  5 bats
  3 giant cockroaches (D:1)
  7 goblins (D:1)
  4 hobgoblins
  5 kobolds
  A ball python (D:2)
  2 frilled lizards
  6 rats
35 creatures vanquished.

Notes
Turn   | Place    | Note
-------+----------+-------------------------------------------
     0 | D:1      | Bapho the Draconian Monk began the quest for the Orb.
     0 | D:1      | Reached XP level 1. HP: 19/19 MP: 1/1
   188 | D:1      | Reached XP level 2. HP: 14/26 MP: 2/2
   622 | D:1      | Reached XP level 3. HP: 33/33 MP: 3/3
  1086 | D:2      | Found an iron altar of Okawaru.
  1117 | D:2      | Found a runed translucent door.
  1118 | D:2      | Noticed Crazy Yiuf
  1137 | D:2      | Slain by Crazy Yiuf

Illustrated notes

Levels and vault maps discovered:
D:1:      ncdulo_watergridlock, layout_rooms
D:2:      layout_rooms, lemuel_crystal_altar, okawaru_metal_pillars_1_2,
          uniq_crazy_yiuf_cottage

Skill      XL: |  1  2 |
---------------+-------+-----
Dodging        | 3 |  3.0
Fighting       | |  3.8
Long Blades    | |  3.8
Stealth        | |  1.7

Action                   || total
-------------------------++-------
Melee: Falchion          ||    88
       Tailslap          ||     8
Throw: Stone             ||    73
  Use: Scroll            ||     4
 Stab: Sleeping          ||     1
Armor: Skin              ||    17
Dodge: Dodged            ||    58
       Rpst.: Falchion   ||    21

Table legend: (Time is in decaauts)
 A = Elapsed time spent in this place.
 B = Non-inter-level travel time spent in this place.
 C = Inter-level travel time spent in this place.
 D = Time resting spent in this place.
 E = Time spent auto-exploring this place.
 F = Levels seen in this place.
 G = Mean time per level.
                   A        B        C        D        E       F      G
               +--------+--------+--------+--------+--------+-----+--------+
         Total |   1155 |   1149 |      6 |    132 |    748 |   2 |  577.5 |
       Dungeon |   1155 |   1149 |      6 |    132 |    748 |   2 |  577.5 |
               +--------+--------+--------+--------+--------+-----+--------+

Top non-repeatable levels by time:
     D:1: 763 daAuts
     D:2: 392 daAuts
